 Dungeon Crawl Stone Soup version 0.29.0-5-ge4962eb29e (webtiles) character file.

Game seed: 12588104783998745814

4299 jt the Severer (level 10, -9/77 HPs)
             Began as a Meteoran Delver on Aug 28, 2022.
             Was a Priest of Okawaru.
             Mangled by a boulder beetle (22 damage)
             ... on level 1 of the Lair of Beasts.
             The game lasted 00:28:45 (4245 turns).

jt the Severer (Meteoran Delver)                    Turns: 4245, Time: 00:28:45

Health: -9/77      AC: 13    Str: 17    XL:     10   Next: 88%
Magic:  15/15      EV:  8    Int: 20    God:    Okawaru [***...]
Gold:   110        SH:  0    Dex: 15    Spells: 7/9 levels left

rFire   x . .      SeeInvis .   a - +0 war axe (freeze)
rCold   + . .      Faith    .   b - orb {light}
rNeg    + . .      Spirit   .   l - +1 chain mail {rN+}
rPois   .          Reflect  .   H - +0 helmet
rElec   .          Harm     .   q - +0 cloak {Stlth+}
rCorr   .          Rampage  .   (no gloves)
Will    +....                   B - +0 pair of boots
Stlth   ..........              (no amulet)
HPRegen 0.22/turn               x - ring of ice
MPRegen 0.14/turn               s - +6 ring of intelligence

@: glowing
A: sense surroundings 2, otherworldly, glowing, explore regen, mutation
resistance 1
a: Renounce Religion, Heroism


You were on level 1 of the Lair of Beasts.
You worshipped Okawaru.
Okawaru was most pleased with you.
You visited 3 branches of the dungeon, and saw 10 of its levels.
You also visited: Bailey.

You collected 378 gold pieces.
You spent 268 gold pieces at shops.

Inventory:

Hand Weapons
 a - a +0 war axe of freezing (weapon)
 e - a +0 mace of protection
 h - a +2 dagger of holy wrath
 k - a +2 vorpal morningstar
 p - a +0 sling
 r - a +0 spear
 u - a +0 hand crossbow
 w - a +0 trident
Missiles
 t - 16 boomerangs
 v - 46 stones (quivered)
 C - 2 datura-tipped darts
 E - 2 poisoned darts
Armour
 b - an orb of light (worn)
 l - a +1 chain mail of positive energy (worn)
 n - the +1 ring mail of Eluth {rF+ Str+4}
   (You found it in a bailey)

   Str:       It affects your strength (+4).
   rF:        It protects you from fire.
 q - a +0 cloak of stealth (worn)
 B - a +0 pair of boots (worn)
 H - a +0 helmet (worn)
 J - the +0 chain mail "Forget-Me-Not" {Fly rF++ Will+ Str-5}
   (You found it on level 6 of the Dungeon)

   Str:       It affects your strength (-5).
   rF:        It greatly protects you from fire.
   Fly:       It grants you flight.
   Will:      It increases your willpower.
 M - +0 steam dragon scales
Magical Staves
 y - a staff of conjuration
Jewellery
 j - a ring of wizardry
 s - a +6 ring of intelligence (right hand)
 x - a ring of ice (left hand)
Wands
 g - a wand of digging (1)
Scrolls
 c - 2 scrolls of fog
 d - 2 scrolls of magic mapping
 i - a scroll of brand weapon
 m - 2 scrolls of amnesia
 o - 2 scrolls of enchant weapon
 A - a scroll of enchant armour
 D - 4 scrolls of teleportation
 F - 4 scrolls of poison
 G - a scroll of blinking
 K - a scroll of vulnerability
Potions
 f - 3 potions of flight
 z - a potion of magic
 N - a potion of attraction
 O - a potion of curing


   Skills:
 - Level 3.2 Fighting
 + Level 15.3 Axes
 + Level 3.2 Armour
 - Level 2.4 Dodging
 - Level 3.7 Stealth
 + Level 6.6 Invocations
 - Level 3.8 Evocations


You had 7 spell levels left.
You knew the following spells:

 Your Spells              Type           Power      Damage    Failure   Level
a - Static Discharge      Conj/Air       0%         3-3/arc   99%         2

Your spell library contained the following spells:

 Spells                   Type           Power      Damage    Failure   Level
 Dazzling Flash           Conj/Hex       0%         N/A       100%        3
 Stone Arrow              Conj/Erth      0%         3d7       100%        3
 Dispel Undead            Necr           0%         3d6       100%        4
 Iskenderun's Mystic Bla  Conj/Tloc      0%         2d3       100%        4
 Sticky Flame             Conj/Fire      0%         2d3       100%        4
 Starburst                Conj/Fire      0%         6d3       100%        6
 Lehudib's Crystal Spear  Conj/Erth      0%         10d2      100%        8
 Animate Armour           Summ/Erth      Unusable   N/A       N/A         4

Dungeon Overview and Level Annotations

Branches:
Dungeon (8/15) Zot: 1133   Temple (1/1) D:6 Zot: 425    Lair (1/5) D:8 Zot: 565
 Bailey (visited)

Altars:
Ashenzari
Dithmenos
Elyvilon
Fedhas
Gozag
Hepliaklqana
Kikubaaqudgha
Makhleb
Nemelex Xobeh
Okawaru
Qazlal
Ru
Sif Muna
Vehumet
Wu Jian
Xom
Yredelemnul
Zin
The Shining One

Shops:
D:3 (   D:5 ?   D:6 [!*   D:7 =


Innate Abilities, Weirdness & Mutations

You passively map the area around you.
You are easily found by Zot.
You glow in the dark.
You regain HP and MP as you explore.
You are somewhat resistant to further mutation.


Message History

You throw a poisoned dart.
The poisoned dart hits the boulder beetle.
The boulder beetle is poisoned.
Throw: 5 darts (poison)
Press: ? - help, Shift-Dir - straight line, f/p - boulder beetle
Aim: a boulder beetle (poisoned, 89% to hit)
You throw a poisoned dart.
The poisoned dart hits the boulder beetle.
The boulder beetle looks even sicker.
Unknown command.
Throw: 4 darts (poison)
Press: ? - help, Shift-Dir - straight line, f/p - boulder beetle
Aim: a boulder beetle (lightly wounded, very poisoned, haloed, 97% to hit)
You throw a poisoned dart.
The poisoned dart hits the boulder beetle.
The boulder beetle looks even sicker.
The boulder beetle is lightly wounded.
The boulder beetle curls into a ball and begins rolling!
Throw: 3 darts (poison)
Press: ? - help, Shift-Dir - straight line, f/p - boulder beetle
Aim: a boulder beetle (lightly wounded, rolling, very poisoned, haloed, 97% to hit)
You throw a poisoned dart.
The poisoned dart hits the boulder beetle.
The boulder beetle looks as sick as possible!
The boulder beetle is lightly wounded.
Okay, then.
You hit the boulder beetle but do no damage.
The boulder beetle is moderately wounded.
The boulder beetle hits you!!!
Ouch! That really hurt!
* * * LOW HITPOINT WARNING * * *
The boulder beetle stops rolling and uncurls.
Press: ? - help, v - describe, . - travel
Here: a boulder beetle (moderately wounded, extremely poisoned, haloed)
The floor.
Okay, then.
You hit the boulder beetle. You freeze the boulder beetle.
The boulder beetle is heavily wounded.
The boulder beetle bites you!!
You die...

, #### ... , *, * #.P##..
* * , , * ##. #..... , ,
#P...###....# * ,*
####....##....#
#......##P....###### ,
#......##.......#..####.
*
#................†...(..,
,
#...............@B°°(...
*
#.......................
*
#......†................
,
.<......................,
#......###....###.###...,
#......# #...## ## ..
#......# #...# . **
####...# #...# , #...#
...# , *


You could see a boulder beetle (extremely poisoned).

Vanquished Creatures
  An orc knight (Bailey)
  Maggie (D:7)
  A rime drake (Lair:1)
  3 blink frogs (Lair:1)
  2 water moccasins (D:8)
  6 orc warriors
  A sky beast (D:8)
  A black bear (D:7)
  An ogre (D:7)
  3 phantoms
  A lemure (D:5)
  Blork the orc (D:4)
  3 bullfrogs
  2 necrophages
  4 scorpions
  5 hounds
  2 jellies
  6 orc priests
  3 iguanas
  7 orc wizards
  8 gnolls
  6 adders
  An ufetubus (D:4)
  3 worms (D:2)
  A dart slug (D:1)
  27 orcs
  8 ball pythons
  5 bats
  11 endoplasms
  3 giant cockroaches
  4 goblins
  8 hobgoblins
  16 kobolds
  2 quokkas (D:1)
  2 frilled lizards (D:3)
  3 rats
  A butterfly (D:7)
163 creatures vanquished.

Notes
Turn   | Place    | Note
-------+----------+-------------------------------------------
     0 | D:5      | jt the Meteoran Delver began the quest for the Orb.
     0 | D:5      | Reached XP level 1. HP: 19/19 MP: 2/2
    33 | D:5      | Noticed a hound
    52 | D:5      | Noticed a scorpion
    52 | D:5      | Noticed a scorpion
    84 | D:4      | Found an ornate altar of the Wu Jian Council.
    84 | D:4      | Noticed an orc priest
    85 | D:4      | Noticed an orc wizard
    86 | D:4      | Noticed an orc wizard
   159 | D:5      | Noticed a necrophage
   172 | D:5      | Killed a necrophage
   173 | D:5      | Reached skill level 5 in Axes
   173 | D:5      | Reached XP level 2. HP: 26/26 MP: 3/3
   173 | D:5      | Reached XP level 3. HP: 31/31 MP: 4/4
   173 | D:5      | Reached XP level 4. HP: 38/38 MP: 5/5
   251 | D:4      | Learned a level 2 spell: Static Discharge
   298 | D:4      | Reached XP level 5. HP: 34/45 MP: 6/6
   351 | D:4      | Reached skill level 6 in Axes
   351 | D:4      | Reached XP level 6. HP: 46/51 MP: 7/7
  1255 | D:3      | Reached XP level 7. HP: 57/57 MP: 8/8
  1322 | D:3      | Reached skill level 7 in Axes
  1725 | D:4      | Found a broken altar of Ashenzari.
  1725 | D:4      | You fall into a shaft and drop 1 floor!
  1870 | D:5      | Reached skill level 8 in Axes
  1874 | D:5      | Found an ancient bone altar of Kikubaaqudgha.
  2034 | D:4      | Found a burning altar of Makhleb.
  2039 | D:4      | Reached XP level 8. HP: 60/63 MP: 9/9
  2074 | D:4      | Reached skill level 9 in Axes
  2189 | D:3      | Found Loff's Antique Weapon Shop.
  2275 | D:4      | Noticed Blork the orc
  2301 | D:4      | Killed Blork the orc
  2333 | D:5      | Found a shimmering blue altar of Sif Muna.
  2345 | D:5      | Reached skill level 10 in Axes
  2391 | D:5      | Found Putyor Nipp's Magic Scroll Shoppe.
  2396 | D:5      | Bought a scroll of teleportation for 42 gold pieces
  2396 | D:5      | Bought a scroll of blinking for 105 gold pieces
  2396 | D:5      | Bought a scroll of immolation for 56 gold pieces
  2442 | D:6      | Found a staircase to the Ecumenical Temple.
  2458 | D:6      | Found a stormy altar of Qazlal.
  2490 | Temple   | Entered the Ecumenical Temple
  2712 | D:7      | Noticed Maggie
  2719 | D:7      | Found an iron altar of Okawaru.
  2725 | D:7      | Became a worshipper of Warmaster Okawaru
  2737 | D:7      | Killed Maggie
  2738 | D:7      | Reached skill level 11 in Axes
  2738 | D:7      | Gained mutation: You passively map the area around you.
                  | [Meteoran growth]
  2738 | D:7      | Reached XP level 9. HP: 70/70 MP: 10/10
  2800 | D:7      | Reached * piety under Okawaru
  2880 | D:6      | Found Bafof's Distillery.
  2885 | D:6      | Bought a potion of heal wounds for 65 gold pieces
  2932 | D:6      | Reached skill level 12 in Axes
  3008 | D:6      | Identified the +0 chain mail "Forget-Me-Not" {Fly rF++
                  | Will+ Str-5}
  3017 | D:6      | Found Zurch's Antique Armour Emporium.
  3271 | D:7      | Reached skill level 13 in Axes
  3297 | D:7      | Found Idghiafinn's One-of-a-Kind Rings.
  3372 | D:6      | Found Osimiaw's General Store.
  3530 | D:7      | Found a white marble altar of Elyvilon.
  3587 | D:8      | Reached ** piety under Okawaru
  3592 | D:8      | Found a staircase to the Lair.
  3641 | D:8      | Reached skill level 14 in Axes
  3648 | D:8      | Reached XP level 10. HP: 77/77 MP: 11/11
  3662 | D:8      | Found a flagged portal.
  3680 | Bailey   | Entered a bailey
  3691 | Bailey   | Gained mutation: You are somewhat resistant to further
                  | mutation. [potion of mutation]
  3711 | Bailey   | Reached skill level 1 in Invocations
  3853 | Bailey   | Noticed an orc knight
  3883 | Bailey   | Killed an orc knight
  3886 | Bailey   | Reached skill level 5 in Invocations
  3928 | Bailey   | Reached skill level 15 in Axes
  3937 | Bailey   | Identified the +1 ring mail of Eluth {rF+ Str+4}
  4069 | D:8      | Reached *** piety under Okawaru
  4070 | D:8      | Reached skill level 1 in Armour
  4206 | Lair:1   | Entered Level 1 of the Lair of Beasts
  4209 | Lair:1   | Noticed a rime drake
  4220 | Lair:1   | Killed a rime drake
  4236 | Lair:1   | Noticed a boulder beetle
  4239 | Lair:1   | Received a gift from Okawaru
  4245 | Lair:1   | Mangled by a boulder beetle

Illustrated notes

Levels and vault maps discovered:
D:1:      amcnicky_arrival_wind_blow, layout_basic,
          ebering_ecumenical_altar_mist, serial_bayou_pond_d, corner_web_ring
D:2:      layout_loops_ring, minmay_quantized
D:3:      layout_rooms, serial_shops, nicolae_diamond_shop
D:4:      layout_loops_cross, cheibrodos_ashenzari_chains,
          makhleb_blood_cavern_becter, mainiacjoe_overflow_small_starburst,
          uniq_blork_the_orc
D:5:      layout_loops_ring, nicolae_kikubaaqudgha_miasma_corner,
          mainiacjoe_overflow_six_doors_small, serial_shops,
          nicolae_square_shop, uniq_pikel
D:6:      layout_basic, mainiacjoe_overflow_swirl, marbit_many_paths,
          temple_pool_b, serial_shops, nicolae_shop_behind_doors, shop,
          kennysheep_little_box, shop, shop
D:7:      layout_rooms, lemuel_round_altar, nicolae_elyvilon_peaceful_grove,
          nicolae_shop_unique_rings, uniq_maggie
D:8:      layout_loops_ring, dpeg_oklobed_lair, enter_bailey_6
Temple:   nicolae_temple_bog_church
Lair:1:   layout_cellular_growth

Skill      XL: |  1  2  3  4  5  6  7  8  9 10 |
---------------+-------------------------------+-----
Axes           | 5 6 8 11 14 15 | 15.3
Evocations     | 2 3 |  3.8
Invocations    | 6 |  6.6
Armour         | 3 |  3.2
Fighting       | |  3.2
Dodging        | |  2.4
Stealth        | |  3.7

Action                   |  1- 3 |  4- 6 |  7- 9 | 10-12 || total
-------------------------+-------+-------+-------+-------++-------
Melee: Hand axe          |    17 |   208 |   127 |       ||   352
       Punch             |       |     1 |     8 |       ||     9
       War axe           |       |       |   256 |    65 ||   321
 Fire: Hand crossbow     |       |       |       |     7 ||     7
Throw: Dart              |       |       |     8 |    11 ||    19
       Stone             |       |       |     1 |     7 ||     8
       Boomerang         |       |       |       |     2 ||     2
Invok: Heroism           |       |       |     1 |     3 ||     4
Evoke: Wand              |       |     3 |     8 |     1 ||    12
  Use: Potion            |     2 |     1 |     7 |     6 ||    16
       Scroll            |       |       |     6 |     6 ||    12
Armor: Skin              |     9 |    16 |       |       ||    25
       Leather armour    |     2 |     1 |       |       ||     3
       Chain mail        |       |    97 |   211 |    35 ||   343
Dodge: Dodged            |     3 |    37 |   102 |    23 ||   165
